 Dungeon Crawl Stone Soup version 0.31.0-12-g77e489cdc1 (webtiles) character file.

Game seed: 6631574044715498899

5 Chiseanne the Slasher (level 1, 0/15 HPs)
             Began as a Demonspawn Wanderer on Feb 16, 2024.
             Slain by a quokka (3 damage)
             ... on level 1 of the Dungeon.
             The game lasted 00:00:48 (165 turns).

Chiseanne the Slasher (Demonspawn Wanderer)          Turns: 165, Time: 00:00:49

Health: 0/15       AC:  2    Str: 13    XL:     1   Next: 66%
Magic:  3/3        EV: 11    Int: 13    God:
Gold:   0          SH:  0    Dex: 10    Spells: 3/4 levels left

rFire   . . .        a - +1 falchion
rCold   . . .        (no shield)
rNeg    . . .        c - +0 robe
rPois   .            (no helmet)
rElec   .            (no cloak)
rCorr   .            (no gloves)
SInv    .            (no boots)
Will    .....        (no amulet)
Stlth   +            (no ring)
HPRegen 0.22/turn    (no ring)
MPRegen 0.08/turn

%: no passive effects
@: no status effects
A: no striking features
a: no special abilities


You were on level 1 of the Dungeon.
You visited 1 branch of the dungeon, and saw 1 of its levels.

Inventory:

Hand Weapons
 a - a +1 falchion (weapon)
Missiles
 f - 8 stones
Armour
 c - a +0 robe (worn)
Scrolls
 b - a scroll of blinking
Potions
 d - a potion of haste {unknown}
 e - a potion of lignification {unknown}


   Skills:
 * Level 1.3 Fighting
 - Level 3.6 Long Blades
 * Level 0.4 Armour
 * Level 0.4 Dodging
 - Level 2.0 Spellcasting
 - Level 2.0 Summonings
 - Level 1.0 Evocations


You had 3 spell levels left.
You knew the following spells:

 Your Spells              Type           Power      Damage    Failure   Level
a - Summon Small Mammal   Summ           24%        N/A       11%         1

Your spell library contained the following spells:

 Spells                   Type           Power      Damage    Failure   Level
 Martyr's Knell           Necr/Summ      3%         N/A       86%         4
 Summon Lightning Spire   Summ/Air       3%         N/A       86%         4


Dungeon Overview and Level Annotations

Branches:
Dungeon (1/15)

Altars:


Message History

A jackal comes into view. x2
The jackal barks!
A jackal comes into view.
The jackal barks!
You barely miss the jackal. The jackal barely misses you.
A quokka comes into view.
The kobold barely misses you.
You hit the jackal but do no damage. The jackal bites you.
The kobold hits you with a +0 dagger. The jackal closely misses you.
You slash the jackal!
You kill the jackal!
The jackal bites you.
The jackal bites you but does no damage.
The kobold closely misses you. The goblin hits you with a +0 club.
The jackal bites you but does no damage.
The jackal barely misses you.
You hit the jackal.
The jackal is severely wounded.
The jackal bites you. The kobold hits you with a +0 dagger.
The goblin hits you with a +0 club.
The jackal bites you but does no damage.
The jackal bites you. The quokka misses you.
The jackal bites you but does no damage.
You are too injured to fight recklessly!
You are too injured to fight recklessly!
You are too injured to fight recklessly!
You are too injured to fight recklessly!
You are too injured to fight recklessly!
You are too injured to fight recklessly!
You are too injured to fight recklessly!
You are too injured to fight recklessly!
You are too injured to fight recklessly!
You are too injured to fight recklessly!
The jackal attacks as it pursues you! The jackal barely misses you.
The goblin barely misses you. The jackal closely misses you.
The quokka attacks as it pursues you! The quokka misses you.
The goblin attacks as it pursues you! The goblin hits you with a +0 club.
* * * LOW HITPOINT WARNING * * *
The quokka bites you.
You die...

#.........## ♣<.
#.........# #♣♣
#####....)....#
#.............#
#.###.........#
#...##..........
#.......#######.
#..(....#... #
#.h.@........
....##K#gr.....#..
......$.hh##..##
...........##%#
##...........#$#
#.......#..##..#
#..........# ..
#.......##...
#.......# ....


You could see a quokka, 3 jackals, a goblin and a kobold.

Vanquished Creatures
  An endoplasm (D:1)
  A jackal (D:1)
  A kobold (D:1)
  A ball python (D:1)
  A bat (D:1)
5 creatures vanquished.

Notes
Turn   | Place    | Note
-------+----------+-------------------------------------------
     0 | D:1      | Chiseanne the Demonspawn Wanderer began the quest for the
                  | Orb.
     0 | D:1      | Chiseanne set off with the following items: a +1 falchion,
                  | a scroll of blinking, a +0 robe; and the following spell
                  | memorised: Summon Small Mammal; and the following spells
                  | available to memorise: Martyr's Knell, Summon Lightning
                  | Spire.
     0 | D:1      | Reached XP level 1. HP: 15/15 MP: 3/3
   165 | D:1      | Slain by a quokka

Illustrated notes

Levels and vault maps discovered:
D:1:      amcnicky_arrival_underground_garden, layout_basic, minmay_tetromino_s4

Action                     || total
---------------------------++-------
  Melee: Falchion          ||    16
 Armour: Robe              ||    18
  Dodge: Dodged            ||    17
